 Dungeon Crawl Stone Soup version 0.22-a0-388-g09e6169 (webtiles) character file.

82 sankara the Grave Robber (level 4, 0/33 HPs)
             Began as a Ghoul Necromancer on Apr 29, 2018.
             Killed from afar by an orc wizard (5 damage)
             ... with a puff of flame
             ... on level 4 of the Dungeon.
             The game lasted 00:12:07 (2778 turns).

sankara the Grave Robber (Ghoul Necromancer)        Turns: 2778, Time: 00:12:09

Health: 0/33       AC:  2    Str: 11    XL:     4   Next: 43%
Magic:  5/5        EV: 12    Int: 11    God:
Gold:   86         SH:  0    Dex:  9    Spells: 4/6 levels left

rFire    . . .     SeeInvis .   m - +0 flail
rCold    + . .     Gourm    .   (no shield)
rNeg     + + +     Faith    .   a - +0 robe
rPois    ∞         Spirit   .   (no helmet)
rElec    .         Reflect  .   (no cloak)
rCorr    +         Harm     .   (no gloves)
MR       .....                  (no boots)
Stlth    ++........             (no amulet)
HPRegen  0.00/turn              f - ring of resist corrosion
MPRegen  0.09/turn              (no ring)

@: rotting
A: rotting body, claws 1, carnivore, cold resistance 1, negative energy
resistance 3, inhibited regeneration, torment resistance, unbreathing
a: no special abilities


You were on level 4 of the Dungeon.
You were very hungry.

You visited 1 branch of the dungeon, and saw 4 of its levels.

You collected 86 gold pieces.

Inventory:

Hand Weapons
 b - a +1 hunting sling
   (You found it on level 3 of the Dungeon)
 d - a +0 club
   (You took it off a goblin on level 1 of the Dungeon)
 g - a +0 club
   (You took it off a kobold on level 1 of the Dungeon)
 j - a +0 club
   (You took it off a hobgoblin on level 2 of the Dungeon)
 m - a +0 flail (weapon)
   (You found it on level 2 of the Dungeon)
 n - a +0 club
   (You took it off a hobgoblin on level 2 of the Dungeon)
Missiles
 h - 73 stones (quivered)
 r - 9 sling bullets
Armour
 a - a +0 robe (worn)
 t - a +0 buckler
   (You found it on level 4 of the Dungeon)
Jewellery
 f - a ring of resist corrosion (left claw)
   (You found it on level 1 of the Dungeon)
Scrolls
 e - a scroll of immolation {unknown}
 k - a scroll of remove curse
 s - a scroll of noise {unknown}
Potions
 i - a potion of invisibility {unknown}
 o - a potion of flight {unknown}
 p - a potion of heal wounds {unknown}
 q - a potion of curing
 u - a potion of agility {unknown}
Comestibles
 c - 2 rations


   Skills:
 - Level 1.7 Dodging
 + Level 4.1 Stealth
 - Level 1.7 Spellcasting
 + Level 4.9 Necromancy


You had 4 spell levels left.
You knew the following spells:

 Your Spells              Type           Power        Failure   Level  Hunger
a - Pain                  Necr           ##..         3%          1    ##.....
c - Animate Skeleton      Necr           N/A          3%          1    ##.....


Dungeon Overview and Level Annotations

Branches:
Dungeon (4/15)
 Temple: D:4-7

Altars:
Cheibriados
Zin

Shops:
D:4 ?}(


Innate Abilities, Weirdness & Mutations

Your body is rotting away.
You thrive on raw meat.
You are immune to poison.
You have sharp fingernails.
You are carnivorous and can eat meat at any time.
Your flesh is cold resistant. (rC+)
You are immune to negative energy. (rN+++)
You do not regenerate when monsters are visible.
You are immune to unholy pain and torment.
You can survive without breathing.


Message History

Casting: Pain (safe; 3% risk of failure)
Confirm with . or Enter, or press ? or * to list all spells.
Aiming: Pain (safe; 3% risk of failure)
Press: ? - help, Shift-Dir - straight line, f/p - orc wizard
Aim: an orc wizard, wielding a dagger and wearing a robe (lightly wounded, chance to defeat MR: 66%)
The orc wizard struggles to resist.
Firing (i - inventory. (/) - cycle)
r - 15 sling bullets (quivered)
Press: ? - help, Shift-Dir - straight line, f/p - orc wizard
Aim: an orc wizard, wielding a dagger and wearing a robe (lightly wounded)
You shoot a sling bullet.
The sling bullet closely misses the orc wizard.
The orc wizard closely misses you.
Firing (i - inventory. (/) - cycle)
r - 14 sling bullets (quivered)
Press: ? - help, Shift-Dir - straight line, f/p - orc wizard
Aim: an orc wizard, wielding a dagger and wearing a robe (lightly wounded)
You shoot a sling bullet. The sling bullet hits the orc wizard!
The orc wizard is heavily wounded.
The orc wizard completely misses you.
Firing (i - inventory. (/) - cycle)
r - 13 sling bullets (quivered)
Press: ? - help, Shift-Dir - straight line, f/p - orc wizard
Aim: an orc wizard, wielding a dagger and wearing a robe (heavily wounded)
You shoot a sling bullet. The sling bullet misses the orc wizard.
The orc wizard casts a spell.
The orc wizard flickers and vanishes!
Deactivating autopickup; reactivate with Ctrl-A.
Firing (i - inventory. (/) - cycle)
r - 12 sling bullets (quivered)
Press: ? - help, Shift-Dir - straight line, f - you Really target yourself?
Okay, then.
You hear some strange, mumbled words.
Something tries to affect you, but you resist.
You feel your flesh rotting away.
You hear some strange, mumbled words.
You are confused.
You bump into the rock wall.
You bump into the rock wall.
You hear some strange, mumbled words.
A puff of flame appears from out of thin air!
The puff of flame misses you.
You hear some strange, mumbled words.
You are more confused.
You're too confused to move!
Something hits you. Something hits you.
You barely miss something.
Something hits you but does no damage. x2
There is a strange disturbance nearby!
Something completely misses you.
You're too confused to move!
Something hits you.
You bump into the rock wall.
Something hits you but does no damage.
You feel less confused. Something hits you.
You hear some strange, mumbled words.
Something tries to affect you, but you resist.
Fire/throw which item? (* to show all) (? for menu, Esc to quit)
Okay, then.
Firing (i - inventory. (/) - cycle)
r - 12 sling bullets (quivered)
Press: ? - help, Shift-Dir - straight line You shoot a sling bullet.
Firing (i - inventory. (/) - cycle)
r - 11 sling bullets (quivered)
Press: ? - help, Shift-Dir - straight line You shoot a sling bullet.
Something hits you.
Firing (i - inventory. (/) - cycle)
r - 10 sling bullets (quivered)
Press: ? - help, Shift-Dir - straight line You shoot a sling bullet.
An orc wizard appears from thin air!
Reactivating autopickup.
The orc wizard points at you and mumbles some strange words.
The puff of flame hits you! The orc wizard casts a spell at you.
You are confused.
You're too confused to cast spells.
You're too confused!
You're too confused to move!
The orc wizard hits you with a dagger.
Wield which item (- for none, * to show all)? (? for menu, Esc to quit)
m - a +0 flail (weapon)
You hit the orc wizard.
The orc wizard is almost dead.
The orc wizard gestures at you while chanting.
The puff of flame misses you.
The orc wizard points at you and mumbles some strange words.
The magic dart hits you!
You bump into the rock wall.
The orc wizard points at you and mumbles some strange words.
The magic dart hits you!
* * * LOW HITPOINT WARNING * * *
You bump into the rock wall.
The orc wizard hits you with a dagger.
* * * LOW HITPOINT WARNING * * *
The orc wizard gestures wildly while chanting.
The orc wizard flickers and vanishes!
Deactivating autopickup; reactivate with Ctrl-A.
It was a potion of curing.
You feel better.
You hear some strange, mumbled words.
Something tries to affect you, but you resist.
Okay, then.
Something hits you.
* * * LOW HITPOINT WARNING * * *
You closely miss something. Something hits you but does no damage.
You miss something.
You hear some strange, mumbled words.
A puff of flame appears from out of thin air!
The puff of flame hits you!
You die...

*,,,,,,,,,....(#,* #..<..........
*,,,,...#.#..#.#,# #....#####.##.
#,***#..#.#....#.# #....#####.##.
*.####..#.#.....,* #.......##.##.
.,...#......(.#*** #....##.##.###
#.##.....,*#..# #....#......##
......#.#**#.## ##.#........##
.≈≈≈....####.#######..###..###...
≈≈≈≈≈....(.....{@............#...
≈≈(≈≈..#####..#####...###..#.#...
≈≈≈≈≈.## #..# ##...##........
#≈≈≈.#* #..# #.....#.....#.♣
#####* #..# #...........### #..#
#.....#.......# #..#
#....##........ #..#
#.....#.......# #..#
#.....#.......#


There were no monsters in sight!

Vanquished Creatures
  2 gnolls (D:4)
  2 adders
  A worm (D:4)
  A dart slug (D:4)
  A leopard gecko (D:4)
  4 orcs
  2 bats (D:1)
  2 giant cockroaches
  4 goblins
  2 hobgoblins (D:2)
  4 kobolds
  A quokka (D:4)
  A ball python (D:1)
  A frilled lizard (D:1)
  2 rats
30 creatures vanquished.

Vanquished Creatures (collateral kills)
  An ooze (D:1)
  An adder skeleton (D:4)
2 creatures vanquished.

Grand Total: 32 creatures vanquished

Notes
Turn   | Place    | Note
-------+----------+-------------------------------------------
     0 | D:1      | sankara the Ghoul Necromancer began the quest for the Orb.
     0 | D:1      | Reached XP level 1. HP: 14/14 MP: 2/2
    70 | D:1      | Learned a level 1 spell: Animate Skeleton
   134 | D:1      | Reached XP level 2. HP: 20/20 MP: 0/3
   457 | D:1      | Reached skill level 3 in Stealth
   993 | D:3      | HP: 5/20 [adder (3)]
   994 | D:3      | Reached XP level 3. HP: 6/26 MP: 0/4
  1276 | D:4      | Found a glowing silver altar of Zin.
  1287 | D:4      | Found Ugayzxoc's Weapon Emporium.
  1287 | D:4      | Noticed a hungry ghost
  2062 | D:4      | Found Hyebes's Gadget Shop.
  2086 | D:4      | Noticed an ogre
  2089 | D:4      | Reached XP level 4. HP: 20/33 MP: 2/5
  2106 | D:4      | Reached skill level 4 in Stealth
  2593 | D:4      | Found Butt's Magic Scroll Emporium.
  2658 | D:4      | Found a snail-covered altar of Cheibriados.
  2772 | D:4      | HP: 5/32 [orc wizard/magic dart (5)]
  2778 | D:4      | Killed from afar by an orc wizard

Vault maps used:
D:1:      lightli_arrival_flooded_house, nrook_mini_backslash,
          minmay_split_cup_small
D:4:      zin_academy, kennysheep_slug_shrine, nicolae_dithmenos_the_darkroom,
          serial_shops, nicolae_shop_crystal, nicolae_shop_crystal,
          kennysheep_mini, nicolae_shop_temple_entry_statues_fountains

Skill      XL: |  1  2  3  4 |
---------------+-------------+-----
Stealth        | 3 4 |  4.1
Dodging        | |  1.7
Spellcasting   | |  1.7
Necromancy     | |  4.9

Action                   |  1- 3 |  4- 6 || total
-------------------------+-------+-------++-------
Melee: Unarmed           |     8 |       ||     8
       Flail             |       |     3 ||     3
       Hunting sling     |       |     1 ||     1
 Fire: Hunting sling     |    57 |    15 ||    72
 Cast: Pain              |    40 |    13 ||    53
       Animate Skeleton  |     5 |     2 ||     7
  Use: Scroll            |     4 |       ||     4
       Potion            |       |     1 ||     1
  Eat: Chunk             |     5 |     1 ||     6
Armor: Robe              |     7 |     3 ||    10
Dodge: Dodged            |    30 |     9 ||    39

Table legend:
 A = Spawn XP
 B = Non-spawn XP
 C = Spawn XP percentage of total XP
 D = Spawn monster count
 E = Non-spawn monster count
 F = Spawn count percentage of total count
 G = Total turns spent on level
                    A         B        C        D         E        F      G
               +---------+---------+-------+---------+---------+-------+---------
         Total |       0 |     118 |   0.0 |       0 |      32 |   0.0 |  2778
               +---------+---------+-------+---------+---------+-------+---------
           D:1 |       0 |      20 |   0.0 |       0 |      10 |   0.0 |   605
           D:2 |       0 |      10 |   0.0 |       0 |       6 |   0.0 |   285
           D:3 |       0 |      19 |   0.0 |       0 |       4 |   0.0 |  1028
           D:4 |       0 |      69 |   0.0 |       0 |      12 |   0.0 |   860
               +---------+---------+-------+---------+---------+-------+---------

Vault maps used:
D:1:      lightli_arrival_flooded_house, nrook_mini_backslash,
          minmay_split_cup_small
D:4:      zin_academy, kennysheep_slug_shrine, nicolae_dithmenos_the_darkroom,
          serial_shops, nicolae_shop_crystal, nicolae_shop_crystal,
          kennysheep_mini, nicolae_shop_temple_entry_statues_fountains

Table legend:
 A = Turns spent in this place as a percentage of turns spent in the entire game.
 B = Non-inter-level travel turns spent in this place as a percentage of non-inter-level travel turns spent in the entire game.
 C = Inter-level travel turns spent in this place as a percentage of turns spent in this place.
 D = Turns resting spent in this place as a percentage of non-inter-level travel turns spent in this place.
 E = Turns spent auto-exploring this place as a percentage of non-inter-level travel turns spent in this place.
 F = Non-inter-level travel turns spent in this place divided by the number of levels of this place that you've seen.
                   A       B       C       D       E      F
               +-------+-------+-------+-------+-------+----------------------
         Total | 100.0 | 100.0 |   6.3 |  38.5 |  28.8 | 651.0
       Dungeon | 100.0 | 100.0 |   6.3 |  38.5 |  28.8 | 651.0
               +-------+-------+-------+-------+-------+----------------------

Table legend:
 A = Kills in this place as a percentage of kills in entire the game.
 B = Kills by you in this place as a percentage of kills by you in the entire game.
 C = Kills by friends in this place as a percentage of kills by friends in the entire game.
 D = Other kills in this place as a percentage of other kills in the entire game.
 E = Experience gained in this place as a percentage of experience gained in the entire game.
 F = Experience gained in this place divided by the number of levels of this place that you have seen.
                   A       B       C       D       E      F
               +-------+-------+-------+-------+-------+----------------------
         Total | 100.0 | 100.0 | 100.0 |   N/A | 100.0 |  29.5
       Dungeon | 100.0 | 100.0 | 100.0 |   N/A | 100.0 |  29.5
               +-------+-------+-------+-------+-------+----------------------
